 Dungeon Crawl Stone Soup version 0.27.1-33-g824d729ab1 (webtiles) character file.

Game seed: 10126242250310506053

74 pkoi the Insei (level 4, -2/38 HPs)
             Began as a Draconian Monk on Dec 13, 2021.
             Was a Believer of Okawaru.
             Slain by Duvessa (11 damage)
             ... on level 4 of the Dungeon.
             The game lasted 00:02:40 (3272 turns).

pkoi the Insei (Draconian Monk)                     Turns: 3272, Time: 00:02:41

Health: -2/38      AC:  9    Str: 13    XL:     4   Next: 10%
Magic:  4/4        EV: 12    Int: 12    God:    Okawaru [**....]
Gold:   115        SH:  0    Dex: 13    Spells: 3/3 levels left

rFire    . . .     SeeInvis .     - Unarmed
rCold    . . .     Faith    .   (no shield)
rNeg     . . .     Spirit   .   (armour unavailable)
rPois    .         Reflect  .   (helmet restricted)
rElec    .         Harm     .   (no cloak)
rCorr    .         Rampage  .   (no gloves)
Will     .....                  (no boots)
Stlth    ++........             q - amulet of magic regeneration
HPRegen  0.12/turn              a - +4 ring of protection
MPRegen  0.34/turn              (no ring)

@: no status effects
A: AC +5, unfitting armour, cold-blooded
a: Renounce Religion, Heroism


You were on level 4 of the Dungeon.
You worshipped Okawaru.
Okawaru was pleased with you.
You visited 2 branches of the dungeon, and saw 5 of its levels.

You collected 115 gold pieces.

Inventory:

Hand Weapons
 k - a +2 vorpal glaive
Missiles
 d - 2 throwing nets (quivered)
 p - 8 datura-tipped darts
Jewellery
 a - a +4 ring of protection (left hand)
 q - an amulet of magic regeneration (around neck)
Scrolls
 b - 4 scrolls of identify {unknown}
 f - 3 scrolls of teleportation {unknown}
 h - 2 scrolls of torment {unknown}
 i - a scroll of amnesia {unknown}
Potions
 e - 2 potions of curing
 g - a potion of heal wounds {unknown}
 l - 2 potions of brilliance {unknown}
 n - a potion of flight {unknown}
 o - a potion of magic {unknown}


   Skills:
 - Level 3.2 Fighting
 - Level 2.6 Dodging
 - Level 1.7 Stealth
 + Level 5.0 Unarmed Combat


You had 3 spell levels left.
You didn't know any spells.
Your spell library contained the following spells:

 Spells                   Type           Power      Damage    Failure   Level
 Corona                   Hex            0%         N/A       32%         1
 Ensorcelled Hibernation  Hex/Ice        0%         N/A       45%         2
 Tukima's Dance           Hex            0%         N/A       69%         3


Dungeon Overview and Level Annotations

Branches:
Dungeon (4/15)             Temple (1/1) D:4

Altars:
Ashenzari
Cheibriados
Elyvilon
Hepliaklqana
Makhleb
Nemelex Xobeh
Okawaru
Qazlal
Sif Muna
Trog
Uskayaw
Vehumet
Wu Jian
Xom
Zin
The Shining One

Annotations:
D:4 Dowan, Duvessa


Innate Abilities, Weirdness & Mutations

Your plain brown scales are hard. (AC +5)
You cannot fit into any form of body armour.
You are cold-blooded and may be slowed by cold attacks.


Message History

Dowan gestures at Duvessa while chanting.
Duvessa seems to speed up.
Duvessa closely misses you.
You hit Duvessa. You punch Duvessa, but do no damage.
Duvessa is lightly wounded.
Duvessa says, "When magic and the sword combine, nothing stands against them."
Duvessa hits you with a +0 short sword.
* * * LOW HITPOINT WARNING * * *
You completely miss Duvessa.
Duvessa is lightly wounded.
Duvessa hits you but does no damage.
You hit Duvessa but do no damage.
Duvessa is lightly wounded.
Duvessa barely misses you. Duvessa hits you but does no damage.
You hit Duvessa. You tail-slap Duvessa. You punch Duvessa.
Duvessa is heavily wounded.
Dowan mumbles some strange words.
Dowan blinks!
Duvessa closely misses you.
You hit Duvessa.
Duvessa is severely wounded.
Dowan casts a spell.
Dowan blinks!
Duvessa hits you with a +0 short sword.
* * * LOW HITPOINT WARNING * * *
You hit Duvessa but do no damage.
Duvessa is severely wounded.
You feel like a meek peon again. Duvessa hits you with a +0 short sword.
* * * LOW HITPOINT WARNING * * *
You barely miss Duvessa.
Duvessa is severely wounded.
Duvessa hits you with a +0 short sword.
* * * LOW HITPOINT WARNING * * *
Duvessa says, "Beauty is only skin deep, and my weapons penetrate much further than that."
Duvessa hits you but does no damage.
It was a potion of curing.
You feel better. Duvessa hits you but does no damage.
You barely miss Duvessa.
You tail-slap Duvessa, but do no damage.
Duvessa is heavily wounded.
Duvessa hits you with a +0 short sword!
You die...

###.............. #
#..#.#.#.#.#..#
.###.###.............#
...........#.#####...#
###.##....##.# ....
#(##.#### ... ..
#......# .#.# ####.#.#
.#.# #@#... #e# ###
#.# #.# #.# ... ...
.#.


You could see Duvessa (fast).

Vanquished Creatures
  2 adders
  A worm (D:2)
  3 dart slugs (D:2)
  An orc (D:3)
  6 endoplasms
  2 giant cockroaches
  5 goblins
  4 hobgoblins
  6 kobolds
  A quokka (D:2)
  4 ball pythons
  4 bats
  A quokka skeleton (D:4)
  7 rats
47 creatures vanquished.

Notes
Turn   | Place    | Note
-------+----------+-------------------------------------------
     0 | D:1      | pkoi the Draconian Monk began the quest for the Orb.
     0 | D:1      | Reached XP level 1. HP: 19/19 MP: 1/1
   500 | D:1      | Reached XP level 2. HP: 26/26 MP: 2/2
  1020 | D:2      | Reached skill level 4 in Unarmed Combat
  1248 | D:2      | Noticed a scorpion
  1467 | D:3      | Reached XP level 3. HP: 31/31 MP: 3/3
  2159 | D:2      | Found a snail-covered altar of Cheibriados.
  2839 | D:3      | Found a faded altar of an unknown god.
  2976 | D:4      | Found a staircase to the Ecumenical Temple.
  2990 | D:4      | Reached skill level 5 in Unarmed Combat
  2990 | D:4      | Reached XP level 4. HP: 36/38 MP: 4/4
  2997 | Temple   | Entered the Ecumenical Temple
  3226 | Temple   | Became a worshipper of Warmaster Okawaru
  3226 | Temple   | Reached * piety under Okawaru
  3226 | Temple   | Reached ** piety under Okawaru
  3254 | D:4      | Noticed Duvessa
  3256 | D:4      | Noticed Dowan
  3272 | D:4      | Slain by Duvessa

Illustrated notes

Levels and vault maps discovered:
D:1:      lightli_arrival_lavapool, layout_loops_cross, st_stairs_9
D:2:      layout_loops_corners, basic_altar, serial_glass, glass_columns_a,
          glass_columns_a, mrwooster_statue_mirror
D:3:      layout_loops_corners, shapermc_ecumenical_altar_hornbeckon
D:4:      layout_loops_ring, lemuel_zombie_altar_kikubaaqudgha,
          minmay_temple_entry_glass, uniq_duvessa
Temple:   eino_temple_scatter_basement

Skill      XL: |  1  2  3 |
---------------+----------+-----
Unarmed Combat | 4 5 |  5.0
Fighting       | |  3.2
Dodging        | |  2.6
Stealth        | |  1.7

Action                   |  1- 3 |  4- 6 || total
-------------------------+-------+-------++-------
Melee: Unarmed           |    97 |    12 ||   109
       Tailslap          |    13 |     3 ||    16
       Glaive            |    39 |       ||    39
       Punch             |       |     3 ||     3
Invok: Heroism           |       |     1 ||     1
  Use: Scroll            |     3 |       ||     3
       Potion            |       |     1 ||     1
 Stab: Sleeping          |    13 |       ||    13
Armor: Skin              |    35 |     4 ||    39
Dodge: Dodged            |    68 |     3 ||    71
